Construct Infanterie Kompanie
Selects Luftwaffe Battlegroup
Selects Luftwaffe Pioneer Support
Fallschirmpioneer Squad Paradrop
Fallschirmpioneer Squad Paradrop
Selects Stuka Strafing Run
Fallschirmpioneer Squad Paradrop
Fallschirmpioneer Squad Paradrop
Fallschirmpioneer Squad Paradrop
Infanterie Officer Quarters
Selects LG40 Recoilless Gun Paradrop
LG40 Recoilless Gun Paradrop
Selects Flak 36 Anti-tank Gun Emplacement
Construct Panzergrenadier Kompanie
Selects Fallschirmjäger Squad Paradrop